 Dungeon Sprint DCSS version 0.30.1-9-gdf580d7c3d (webtiles) character file.

Game seed: 1058985153400805689

1200000 Heoruswealwe the Slayer (level 13, -22/148 HPs)
             Began as a Minotaur Fighter on Sept 27, 2023.
             Annihilated by a meat berserker
             ... wielding a +9 battleaxe
              (96 damage)
             ... in the Dungeon (Sprint VIII: "Arena of Blood").
             The game lasted 00:01:29 (12 turns).

Heoruswealwe the Slayer (Minotaur Fighter)            Turns: 12, Time: 00:01:32

Health: -22/148    AC: 12    Str: 25    XL:     13   Next: 77%
Magic:  12/17      EV: 12    Int:  5    God:
Gold:   0          SH:  0    Dex: 11    Spells: 19/19 levels left

rFire   . . .        k - +∞ Axe of Woe
rCold   . . .        (shield currently unavailable)
rNeg    . . .        b - +0 scale mail
rPois   .            (helmet restricted)
rElec   .            (no cloak)
rCorr   .            (no gloves)
SInv    .            (no boots)
Will    .....        (no amulet) Stlth
                     (no ring)
HPRegen 0.44/turn    (no ring)
MPRegen 0.15/turn

%: no teleportation
@: no status effects
A: horns 2, retaliatory headbutt
a: no special abilities


You were in the Dungeon.
You visited 1 branch

Inventory:

Hand Weapons
 a - a +0 war axe
 k - the +∞ Axe of Woe (weapon)
   (You found it in the Dungeon)
Armour
 b - a +0 scale mail (worn)
 c - a +0 buckler
Potions
 d - a potion of might
 e - a potion of curing
 f - a potion of heal wounds
 g - a potion of haste
 h - 2 potions of magic
 i - a potion of berserk rage


   Skills:
 + Level 23.4 Fighting
 + Level 15.3 Axes
 + Level 23.1 Armour
 + Level 5.6 Dodging
 + Level 22.7 Shields
 + Level 3.5 Spellcasting
 + Level 3.8 Conjurations
 + Level 3.8 Fire Magic
 + Level 5.1 Invocations
 + Level 4.7 Evocations


You had 19 spell levels left.
You didn't know any spells.
Your spell library was empty.

Dungeon Overview and Level Annotations

Branches:
Dungeon (1/1)

Altars:
Makhleb


Innate Abilities, Weirdness & Mutations

You have a pair of horns on your head.
You reflexively headbutt those who attack you in melee.


Message History

You have reached level 13!
You slice the bag of meat!!
You butcher the bag of meat messily.
You kill the bag of meat!
The meat berserker appears out of thin air!
A meat berserker comes into view. It is wielding a +9 battleaxe.
The meat berserker shouts!
You hear a shout! x11
Your Fighting skill increases to level 23!
Your Dodging skill gained 3 levels and is now at level 3!
Your Spellcasting skill gained 2 levels and is now at level 2!
Your Conjurations skill gained 2 levels and is now at level 2!
Your Fire Magic skill gained 2 levels and is now at level 2!
Your Invocations skill gained 3 levels and is now at level 3!
Your Evocations skill gained 3 levels and is now at level 3!
You carve the bag of meat like a ham!!!
You fatally mangle the bag of meat.
You kill the bag of meat!
You hear a shout! x4
A bag of meat comes into view. It is wielding a +9 war axe.
You hear a shout! x3
The meat berserker rages.
Your Axes skill increases to level 15!
Your Armour skill increases to level 23!
Your Dodging skill gained 2 levels and is now at level 5!
Your Spellcasting skill increases to level 3!
Your Conjurations skill increases to level 3!
Your Fire Magic skill increases to level 3!
Your Invocations skill gained 2 levels and is now at level 5!
Your Evocations skill increases to level 4!
You slice the bag of meat!! You chop the bag of meat into pieces.
You kill the bag of meat!
The meat berserker appears out of thin air!
A meat berserker comes into view. It is wielding a +9 battleaxe.
The meat berserker shouts!
You hear a shout! x3
A meat berserker comes into view. It is wielding a +9 battleaxe.
You hear a shout!
The meat berserker rages.
You hear a shout! x3
The meat berserker hits you with a +9 battleaxe!!!
The meat berserker hits you with a +9 battleaxe!!!!
Ouch! That really hurt!
You die...

.....O...####..
.O.............
...............
............. ..
............ #.
.#.......... #..
o.#.)O....... .###..
..###@)o.o...
......###..Oo)Oo......
....._.....o........
#.....#......o#.#.
#_.<._#.o.......o.
#.....#......#.#.#
....._............ .
......###.........#.#
.###.. ..###.


You could see 5 meat berserkers and 8 bags of meat.

Vanquished Creatures
  An ogre (D)
  5 orcs (D)
6 creatures vanquished.

Notes
Turn   | Place    | Note
-------+----------+-------------------------------------------
     0 | D        | Found the +∞ Axe of Woe
     0 | D        | Heoruswealwe the Minotaur Fighter began the quest for the
                  | Orb.
     0 | D        | Reached XP level 1. HP: 19/19 MP: 0/0
     1 | D        | Noticed a bag of meat
     2 | D        | Noticed a bag of meat
     3 | D        | Noticed a bag of meat
     3 | D        | Noticed a bag of meat
     4 | D        | Noticed a bag of meat
     5 | D        | Noticed a meat berserker
     5 | D        | Noticed a bag of meat
     6 | D        | Noticed a bag of meat
     6 | D        | Noticed a meat berserker
     6 | D        | Noticed a bag of meat
     6 | D        | Noticed a bag of meat
     8 | D        | Killed a bag of meat
     8 | D        | Killed a bag of meat
     8 | D        | Noticed a meat berserker
     8 | D        | Noticed a bag of meat
     8 | D        | Noticed a bag of meat
     9 | D        | Reached XP level 2. HP: 53/56 MP: 1/1
     9 | D        | Reached XP level 3. HP: 59/63 MP: 2/2
     9 | D        | Reached XP level 4. HP: 67/71 MP: 3/3
     9 | D        | Reached XP level 5. HP: 75/79 MP: 4/4
     9 | D        | Reached XP level 6. HP: 81/86 MP: 5/5
     9 | D        | Reached XP level 7. HP: 88/93 MP: 6/6
     9 | D        | Reached XP level 8. HP: 97/102 MP: 7/7
     9 | D        | Reached XP level 9. HP: 102/108 MP: 8/8
     9 | D        | Reached XP level 10. HP: 111/117 MP: 9/9
     9 | D        | Reached XP level 11. HP: 117/124 MP: 10/10
     9 | D        | Killed a meat berserker
     9 | D        | Noticed a bag of meat
    10 | D        | Reached XP level 12. HP: 132/139 MP: 11/11
    10 | D        | Reached XP level 13. HP: 140/147 MP: 12/12
    10 | D        | Noticed a bag of meat
    10 | D        | Killed a bag of meat
    10 | D        | Noticed a meat berserker
    11 | D        | Killed a bag of meat
    11 | D        | Noticed a bag of meat
    12 | D        | Reached skill level 15 in Axes
    12 | D        | Reached skill level 5 in Dodging
    12 | D        | Reached skill level 5 in Invocations
    12 | D        | Killed a bag of meat
    12 | D        | Noticed a meat berserker
    12 | D        | Noticed a meat berserker
    12 | D        | Annihilated by a meat berserker

Illustrated notes

Levels and vault maps discovered:
D:        meatsprint

Skill      XL: |  1  2  3  4  5  6  7  8  9 10 11 12 13 |
---------------+----------------------------------------+-----
Fighting       | 19 22 23 | 23.4
Axes           | 11 14 15 | 15.3
Armour         | 19 22 23 | 23.1
Shields        | 19 22 | 22.7
Dodging        | 5 |  5.6
Spellcasting   | 3 |  3.5
Conjurations   | 3 |  3.8
Fire Magic     | 3 |  3.8
Invocations    | 5 |  5.1
Evocations     | 4 |  4.7

Action                     |  1- 3 |  4- 6 |  7- 9 | 10-12 | 13-15 || total
---------------------------+-------+-------+-------+-------+-------++-------
  Melee: Executioner's axe |     1 |       |       |     1 |     3 ||     5
    Use: Scroll            |     1 |       |       |       |       ||     1
